 Dungeon Crawl Stone Soup version 0.27-a0-909-g0721f309d1 (webtiles) character file.

Game seed: 13046687469809514095

3 Alarkh the Insei (level 1, -1/16 HPs)
             Began as a Demonspawn Gladiator on Apr 8, 2021.
             Killed by Freeze
             ... generated by an endoplasm
              (4 damage)
             ... on level 1 of the Dungeon.
             The game lasted 00:00:10 (76 turns).

Alarkh the Insei (Demonspawn Gladiator)               Turns: 76, Time: 00:00:11

Health: -1/16      AC:  4    Str: 14    XL:     1   Next: 41%
Magic:  1/1        EV: 12    Int:  9    God:
Gold:   0          SH:  0    Dex: 14    Spells: 0/0 levels left

rFire    . . .     SeeInvis .     - Unarmed
rCold    . . .     Faith    .   (no shield)
rNeg     . . .     Spirit   .   a - +0 leather armour
rPois    .         Reflect  .   b - +0 helmet
rElec    .         Harm     .   (no cloak)
rCorr    .         Rampage  .   (no gloves)
Will     .....                  (no boots)
Stlth    +.........             (no amulet)
HPRegen  0.05/turn              (no ring)
MPRegen  0.07/turn              (no ring)

@: no status effects
A: no striking features
a: no special abilities


You were on level 1 of the Dungeon.
You visited 1 branch of the dungeon, and saw 1 of its levels.

Inventory:

Missiles
 c - 3 throwing nets (quivered)
Armour
 a - a +0 leather armour (worn)
 b - a +0 helmet (worn)


   Skills:
 + Level 2.1 Fighting
 - Level 1.7 Throwing
 - Level 2.6 Dodging
 * Level 2.8 Unarmed Combat


You couldn't memorise any spells.
You didn't know any spells.
Your spell library was empty.

Dungeon Overview and Level Annotations

Branches:
Dungeon (1/15)

Altars:


Message History

No target in view!
No target in view!
No target in view!
No target in view!
No target in view!
No target in view!
An endoplasm comes into view.
An endoplasm is nearby!
An endoplasm is nearby!
The endoplasm quivers.
A goblin comes into view. It is wielding a +0 dagger.
Found a ring mail.
The goblin shouts!
The endoplasm hits you.
Found a scroll labelled QEOCRUORYL and a ring mail.
You barely miss the endoplasm. The endoplasm freezes you.
You are frozen.
You hit the endoplasm but do no damage. The endoplasm freezes you.
You are frozen.
You are too injured to fight recklessly!
You are too injured to fight recklessly!
You are too injured to fight recklessly!
You are too injured to fight recklessly!
You are too injured to fight recklessly!
You are too injured to fight recklessly!
You are too injured to fight recklessly!
You are too injured to fight recklessly!
You are too injured to fight recklessly!
You hit the endoplasm.
The endoplasm is heavily wounded.
The endoplasm freezes you.
You are frozen.
* * * LOW HITPOINT WARNING * * *
You hit the endoplasm.
The endoplasm is almost dead.
The endoplasm freezes you.
You are frozen.
You die...

#.#### ########## #....#
#........# # #....# #........#
#. #....# ##........#
###.###....# #.........#
...........# ##.........#
...........## ###..........####
............###...#...........#
?..........g.J@.###.........#..
........######### #........####
.........# #........##(.
[........# #........#...
.........# ######.###...
.........# #.###... ........##
#####...##.. ....[...#
##...#'#..'## ........#
#.....######


You could see an endoplasm and a goblin.

Vanquished Creatures
  2 endoplasms (D:1)
  A bat (D:1)
3 creatures vanquished.

Notes
Turn   | Place    | Note
-------+----------+-------------------------------------------
     0 | D:1      | Alarkh the Demonspawn Gladiator began the quest for the
                  | Orb.
     0 | D:1      | Reached XP level 1. HP: 16/16 MP: 1/1
    76 | D:1      | Killed from afar by an endoplasm

Illustrated notes

Levels and vault maps discovered:
D:1:      noname_arrival_rooms_in_the_neighbourhood, layout_basic,
          basic_ecumenical_altar, kennysheep_flooded_box

Action                   || total
-------------------------++-------
Melee: Unarmed           ||    12
 Stab: Sleeping          ||     1
Armor: Leather armour    ||     2
Dodge: Dodged            ||     4

Table legend: (Time is in decaauts)
 A = Elapsed time spent in this place.
 B = Non-inter-level travel time spent in this place.
 C = Inter-level travel time spent in this place.
 D = Time resting spent in this place.
 E = Time spent auto-exploring this place.
 F = Levels seen in this place.
 G = Mean time per level.
                   A        B        C        D        E       F      G
               +--------+--------+--------+--------+--------+-----+--------+
         Total |     75 |     75 |      0 |      0 |     44 |   1 |   75.0 |
       Dungeon |     75 |     75 |      0 |      0 |     44 |   1 |   75.0 |
               +--------+--------+--------+--------+--------+-----+--------+

Top non-repeatable levels by time:
     D:1: 75 daAuts
